 Dungeon Crawl Stone Soup version bcrawl-1.21.3-2-g9d8a61a446 (webtiles) character file.

Game seed: 9525146520302615440

275 funkygono the Stinger (level 6, 0/47 HPs)
             Began as a Formicid Venom Mage on Apr 16, 2020.
             Succumbed to a worker ant's poison
             ... on level 4 of the Dungeon.
             The game lasted 00:08:08 (3359 turns).

funkygono the Stinger (Formicid Venom Mage)         Turns: 3359, Time: 00:08:08

Health: 0/47       AC:  2    Str: 15    XL:     6   Next: 50%
Magic:  0/11       EV: 12    Int: 16    God:
Gold:   182        SH:  0    Dex: 11    Spells: 4/12 levels left

rFire    . . .     SeeInvis +   h - +2 whip (elec)
rCold    . . .     Gourm    +   (no shield)
rNeg     + . .     Faith    .   a - +0 robe
rPois    .         Spirit   .   (helmet unavailable)
rElec    .         Reflect  .   (no cloak)
rCorr    .         Harm     .   (no gloves)
MR       .....                  (no boots)
Stlth    ++........             j - amulet of the gourmand
HPRegen  0.15/turn              i - ring of positive energy
MPRegen  0.12/turn              (no ring)

@: lethally poisoned (0 -> -13), very slightly contaminated
A: permanent stasis, dig shafts and tunnels, four strong arms, antennae 3,
clever 1, robust 1
a: Dig, Shaft Self


You were on level 4 of the Dungeon.
You were not hungry.

You visited 1 branch of the dungeon, and saw 4 of its levels.

You collected 182 gold pieces.

Inventory:

Hand Weapons
 b - a +1 whip of pain
 h - a +2 whip of electrocution (weapon)
Missiles
 f - 892 stones (quivered)
Armour
 a - a +0 robe (worn)
Jewellery
 i - a ring of positive energy (left hand)
 j - an amulet of the gourmand (around neck)
Scrolls
 g - a scroll of magic mapping
Potions
 k - a potion of curing {unknown}
Comestibles
 e - 3 rations {!d}


   Skills:
 + Level 1.0 Fighting
 + Level 2.3 Maces & Flails
 + Level 2.2 Dodging
 + Level 3.4 Stealth
 + Level 3.6 Spellcasting
 + Level 1.9 Conjurations
 + Level 5.6 Poison Magic


You had 4 spell levels left.
You knew the following spells:

 Your Spells              Type           Power        Failure   Level  Hunger
a - Sting                 Conj/Pois      ###.         3%          1    None
b - Olgreb's Toxic Radia  Pois           ###.....     17%         4    ####...
c - Ignite Poison         Fire/Tmut/Pois #.......     24%         3    ###....

Your spell library contained the following spells:

 Spells                   Type           Power        Failure   Level  Hunger
 Poisonous Vapours        Pois/Air       ##....       9%          2    ##.....
 Spider Form              Tmut/Pois      ##.          16%         3    ###....
 Beastly Appendage        Tmut           #.....       17%         1    None
 Sticks to Snakes         Tmut           #.......     26%         2    ##.....
 Summon Scorpions         Summ/Pois      ##......     47%         4    ####...
 Ice Form                 Ice/Tmut       #.......     86%         4    ####...
 Venom Bolt               Conj/Pois      ###.......   71%         5    ######.
 Blade Hands              Tmut           #.........   99%         5    ######.


Dungeon Overview and Level Annotations

Branches:
Dungeon (4/12)
 Temple: D:4-7

Altars:
Elyvilon
Lugonu

Annotations:
D:3 3 runed translucent doors, Ankalagon's ghost, weakling AvSk
D:4 Dowan


Innate Abilities, Weirdness & Mutations

You cannot be hasted, slowed, berserked, paralysed or teleported.
You can dig through walls and to a lower floor.
Your four strong arms can wield two-handed weapons with a shield.
You have a pair of large antennae on your head. (SInv)
Your mind is acute. (Int +2)
You are robust. (+10% HP)


Message History

* * * LOW HITPOINT WARNING * * *
You hit Dowan but do no damage.
Dowan is heavily wounded.
You feel sick. Dowan hits you with a +0 dagger.
* * * LOW HITPOINT WARNING * * *
The worker ant completely misses you. Dowan hits you with a +0 dagger.
* * * LOW HITPOINT WARNING * * *
The worker ant bites you.
* * * LOW HITPOINT WARNING * * *
You are more poisoned.
The worker ant poisons you!
You closely miss Dowan.
Dowan is heavily wounded.
* * * LOW HITPOINT WARNING * * *
You feel sick. Dowan hits you with a +0 dagger.
* * * LOW HITPOINT WARNING * * *
The worker ant barely misses you.
It was a potion of mutation.
You feel extremely strange.
You feel clever.
You feel robust.
You die...

####+######
..........#
..$.......+
..........#
......a@..+
......e.).#
...?.....<+
..!.......#
..........+
..........#
..........#
..........#
####.....#


You could see Dowan and a worker ant.

Vanquished Creatures
  Duvessa (D:4)
  A crimson imp (D:3)
  An orc priest (D:3)
  2 adders (D:3)
  3 oozes
  3 worms (D:2)
  2 dart slugs
  4 leopard geckos
  5 orcs
  A giant cockroach (D:1)
  5 goblins (D:1)
  5 hobgoblins
  2 jackals (D:1)
  A ball python (D:3)
  8 bats
  2 frilled lizards
  10 kobolds
  8 rats
64 creatures vanquished.

Notes
Turn   | Place    | Note
-------+----------+-------------------------------------------
     0 | D:1      | funkygono the Formicid Venom Mage began the quest for the
                  | Orb.
     0 | D:1      | Reached XP level 1. HP: 13/13 MP: 3/3
    75 | D:1      | Reached XP level 2. HP: 19/19 MP: 1/5
   442 | D:1      | Reached XP level 3. HP: 24/24 MP: 3/6
   688 | D:1      | Reached skill level 5 in Poison Magic
   805 | D:1      | Reached skill level 1 in Conjurations
  1199 | D:2      | Reached XP level 4. HP: 22/30 MP: 1/7
  1211 | D:2      | Learned a level 4 spell: Olgreb's Toxic Radiance
  1221 | D:2      | Learned a level 3 spell: Ignite Poison
  1860 | D:2      | Found a white marble altar of Elyvilon.
  2546 | D:3      | Reached skill level 1 in Maces & Flails
  2587 | D:3      | Reached XP level 5. HP: 25/36 MP: 0/9
  2959 | D:3      | Found a runed translucent gate.
  2959 | D:3      | Found a runed translucent gate.
  2960 | D:3      | Noticed a big kobold
  2960 | D:3      | Found a runed translucent gate.
  2960 | D:3      | Noticed Ankalagon's ghost (weakling AvSk)
  2961 | D:3      | Noticed a big kobold
  2961 | D:3      | Identified the +7 dagger "Loosk" {elec, rElec rC- Str+3
                  | Int+4}
  3201 | D:3      | Found a corrupted altar of Lugonu.
  3343 | D:4      | Noticed Duvessa
  3343 | D:4      | Noticed Dowan
  3348 | D:4      | Killed Duvessa
  3348 | D:4      | Reached skill level 1 in Fighting
  3348 | D:4      | Reached XP level 6. HP: 39/43 MP: 0/11
  3358 | D:4      | HP: 2/43 [poisoned by a worker ant]
  3359 | D:4      | Gained mutation: Your mind is acute. (Int +2) [potion of
                  | mutation]
  3359 | D:4      | Gained mutation: You are robust. (+10% HP) [potion of
                  | mutation]
  3359 | D:4      | Succumbed to a worker ant's poison

Skill      XL: |  1  2  3  4  5 |
---------------+----------------+-----
Stealth        | 3 |  3.4
Poison Magic   | 5 |  5.6
Conjurations   | 1 |  1.9
Dodging        | 2 |  2.2
Maces & Flails | 1 2 |  2.3
Spellcasting   | 3 |  3.6
Fighting       | 1 |  1.0

Action                   |  1- 3 |  4- 6 || total
-------------------------+-------+-------++-------
Melee: Club              |     8 |       ||     8
       Whip              |    12 |    77 ||    89
 Cast: Sting             |    47 |    39 ||    86
       Olgreb's Toxic Ra |       |     3 ||     3
       Ignite Poison     |       |     1 ||     1
  Use: Scroll            |       |     4 ||     4
       Potion            |       |     1 ||     1
  Eat: Chunk             |     1 |     9 ||    10
       Ration            |       |     2 ||     2
Armor: Robe              |     7 |    10 ||    17
Dodge: Dodged            |    13 |    36 ||    49
